| TOP OF THE 1ST |
|
Baltimore (APP) Orioles batting - Pitching for Seattle (APP) Mariners : RHP Jamie Riley
|
|
Pitching: RHP Jamie Riley
|
|
|
Batting: RHB Ruben Domingues
|
0-0: Ground out 6-3 (Groundball, 6S, EV 69.4 MPH)
|
|
Batting: LHB Xue-liang Zhou
|
0-0: Called Strike 0-1: Ball 1-1: Foul Ball, location: 2F 1-2: Ground out 1-3 (Groundball, 13, EV 66.9 MPH)
|
|
Batting: LHB Jeremy Nuzzo
|
0-0: Ball 1-0: Ball 2-0: Called Strike 2-1: Foul Ball, location: 2F 2-2: Reached on error, E6 (Groundball, 6, EV 78.1 MPH)
|
|
Batting: SHB Eric Kelley
|
0-0: Foul Ball, location: 2F 0-1: 2-RUN HOME RUN (Flyball, 9LD, EV 95.0 MPH), Distance : 357 ft
|
|
Batting: RHB C.J. Wells
|
0-0: Ball 1-0: Called Strike 1-1: Called Strike 1-2: Foul Ball, location: 2F 1-2: Strikes out swinging
|
| Top of the 1st over - 2 runs, 1 hit, 1 error, 0 left on base; Baltimore (APP) 2 - Seattle (APP) 0 |
| BOTTOM OF THE 1ST |
|
Seattle (APP) Mariners batting - Pitching for Baltimore (APP) Orioles : RHP Bruce Yeager
|
|
Pitching: RHP Bruce Yeager
|
|
|
Batting: RHB Chris Van Niel
|
0-0: Fly out, F9 (Line Drive, 9LM, EV 89.4 MPH)
|
|
Batting: RHB Nick Edmunds
|
0-0: Foul Ball, location: 2F 0-1: SOLO HOME RUN (Flyball, 78XD, EV 104.4 MPH), Distance : 409 ft
|
|
Batting: SHB Carlos Luna
|
0-0: Foul Ball, location: 2F 0-1: SINGLE (Groundball, 3S, EV 64.4 MPH) (infield hit)
|
|
Batting: LHB Prince Nunley
|
0-0: Ball 1-0: Ball 2-0: Called Strike 2-1: Foul Ball, location: 2F 2-2: Ball 3-2: Grounds into double play, 4-6-3 (Groundball, 4S, EV 85.6 MPH)
|
| Bottom of the 1st over - 1 run, 2 hits, 0 errors, 0 left on base; Baltimore (APP) 2 - Seattle (APP) 1 |
| TOP OF THE 2ND |
|
Baltimore (APP) Orioles batting - Pitching for Seattle (APP) Mariners : RHP Jamie Riley
|
|
Batting: LHB Chris Cohen
|
0-0: Called Strike 0-1: Foul Ball, location: 2F 0-2: Ground out 4-3 (Groundball, 4, EV 99.4 MPH)
|
|
Batting: RHB Han Caspers
|
0-0: Called Strike 0-1: Ball 1-1: Foul Ball, location: 2F 1-2: Foul Ball, location: 2F 1-2: Ball 2-2: DOUBLE (Flyball, 8RD, EV 102.5 MPH)
|
|
Batting: LHB Edwin Cabral
|
0-0: Called Strike 0-1: Foul Ball, location: 2F 0-2: Ball 1-2: Ball 2-2: Foul Ball, location: 2F 2-2: Ball 3-2: Foul Ball, location: 2F 3-2: Strikes out swinging
|
|
Batting: RHB Imbart van Rens
|
0-0: Called Strike 0-1: Ball 1-1: Foul Ball, location: 2F 1-2: Ball 2-2: Ball 3-2: DOUBLE (Line Drive, 89D, EV 107.5 MPH) Han Caspers scores
|
|
Batting: RHB Ruben Domingues
|
0-0: Swinging Strike 0-1: DOUBLE (Line Drive, 9LD, EV 104.4 MPH) Imbart van Rens scores
|
|
Batting: LHB Xue-liang Zhou
|
0-0: Ball 1-0: Ball 2-0: Called Strike 2-1: DOUBLE (Flyball, 8LD, EV 103.8 MPH) Ruben Domingues scores
|
|
Batting: LHB Jeremy Nuzzo
|
0-0: Ground out 4-3 (Groundball, 4, EV 80.0 MPH)
|
| Top of the 2nd over - 3 runs, 4 hits, 0 errors, 1 left on base; Baltimore (APP) 5 - Seattle (APP) 1 |
| BOTTOM OF THE 2ND |
|
Seattle (APP) Mariners batting - Pitching for Baltimore (APP) Orioles : RHP Bruce Yeager
|
|
Batting: RHB Nick Ellis
|
0-0: Ball 1-0: Ball 2-0: Ball 3-0: Called Strike 3-1: Base on Balls
|
|
Batting: RHB Carlton McDonald
|
0-0: Foul Ball, location: 2F 0-1: Ground out 4-3 (Groundball, 4S, EV 74.4 MPH) Nick Ellis to second
|
|
Batting: RHB Joaquin Salazar
|
0-0: Ball 1-0: Reached on error, E4 (Groundball, 4, EV 84.4 MPH) Nick Ellis to third
|
|
Batting: RHB Ziven Badersky
|
0-0: Ball 1-0: Called Strike 1-1: Foul Ball, location: 2F 1-2: Foul Ball, location: 2F 1-2: Ball Joaquin Salazar is caught stealing 2nd base 2-4 2-2: Strikes out swinging
|
| Bottom of the 2nd over - 0 runs, 0 hits, 1 error, 1 left on base; Baltimore (APP) 5 - Seattle (APP) 1 |
| TOP OF THE 3RD |
|
Baltimore (APP) Orioles batting - Pitching for Seattle (APP) Mariners : RHP Jamie Riley
|
|
Batting: SHB Eric Kelley
|
0-0: Called Strike 0-1: Foul Ball, location: 2F 0-2: DOUBLE (Line Drive, 8RXD, EV 114.4 MPH)
|
|
Batting: RHB C.J. Wells
|
0-0: TRIPLE (Flyball, 78XD, EV 95.0 MPH) Eric Kelley scores
|
|
Pitching: RHP Victor Ocampo
|
|
|
Batting: LHB Chris Cohen
|
0-0: Ball 1-0: Ball 2-0: Fly out, F3 (Line Drive, 3, EV 68.8 MPH)
|
|
Batting: RHB Han Caspers
|
0-0: Ball 1-0: Ball 2-0: Swinging Strike 2-1: Reached on error, E6 (Groundball, 6, EV 86.9 MPH) C.J. Wells scores
|
|
Batting: LHB Edwin Cabral
|
0-0: Ball 1-0: Foul Ball, location: 2F 1-1: Grounds into double play, 5-4-3 (Groundball, 56, EV 86.2 MPH)
|
| Top of the 3rd over - 2 runs, 2 hits, 1 error, 0 left on base; Baltimore (APP) 7 - Seattle (APP) 1 |
| BOTTOM OF THE 3RD |
|
Seattle (APP) Mariners batting - Pitching for Baltimore (APP) Orioles : RHP Bruce Yeager
|
|
Batting: RHB Josh Carpenter
|
0-0: Ball 1-0: Swinging Strike 1-1: Ground out 6-3 (Groundball, 6, EV 83.1 MPH)
|
|
Batting: RHB Chris Van Niel
|
0-0: Ball 1-0: Ball 2-0: Ball 3-0: Called Strike 3-1: Fly out, F9 (Flyball, 9, EV 96.9 MPH)
|
|
Batting: RHB Nick Edmunds
|
0-0: Foul Ball, location: 2F 0-1: Ball 1-1: Ball 2-1: DOUBLE (Flyball, 8RXD, EV 105.0 MPH)
|
|
Batting: SHB Carlos Luna
|
0-0: Ground out 4-3 (Groundball, 4S, EV 80.6 MPH)
|
| Bottom of the 3rd over - 0 runs, 1 hit, 0 errors, 1 left on base; Baltimore (APP) 7 - Seattle (APP) 1 |
| TOP OF THE 4TH |
|
Baltimore (APP) Orioles batting - Pitching for Seattle (APP) Mariners : RHP Victor Ocampo
|
|
Batting: RHB Imbart van Rens
|
0-0: Called Strike 0-1: Ball 1-1: SINGLE (Groundball, 6M, EV 98.8 MPH) (infield hit)
|
|
Batting: RHB Ruben Domingues
|
0-0: Ground out 6-3 (Groundball, P, EV 87.5 MPH) Imbart van Rens to second
|
|
Batting: LHB Xue-liang Zhou
|
0-0: Foul Ball, location: 2F 0-1: Ball 1-1: Ground out U3 (Groundball, 3, EV 98.1 MPH) Imbart van Rens to third
|
|
Batting: LHB Jeremy Nuzzo
|
0-0: Ball 1-0: Called Strike 1-1: Foul Ball, location: 2F 1-2: Foul Ball, location: 2F 1-2: Ball 2-2: DOUBLE (Line Drive, 89D, EV 103.8 MPH) Imbart van Rens scores
|
|
Batting: SHB Eric Kelley
|
0-0: Ball 1-0: Ball 2-0: Foul Ball, location: 2F 2-1: Ball 3-1: Base on Balls
|
|
Batting: RHB C.J. Wells
|
0-0: Ball 1-0: Ball 2-0: Ball 3-0: Base on Balls Jeremy Nuzzo to third Eric Kelley to second
|
|
Pitching: LHP Will Creelman
|
|
|
Batting: LHB Chris Cohen
|
0-0: Ball 1-0: Ball 2-0: Called Strike 2-1: Ground out 4-3 (Groundball, 4, EV 91.2 MPH)
|
| Top of the 4th over - 1 run, 2 hits, 0 errors, 3 left on base; Baltimore (APP) 8 - Seattle (APP) 1 |
| BOTTOM OF THE 4TH |
|
Seattle (APP) Mariners batting - Pitching for Baltimore (APP) Orioles : RHP Bruce Yeager
|
|
Batting: LHB Prince Nunley
|
0-0: SINGLE (Groundball, 15S, EV 62.5 MPH) (infield hit)
|
|
Batting: RHB Nick Ellis
|
0-0: Ball 1-0: Fly out, F7 (Flyball, 78M, EV 91.9 MPH)
|
|
Batting: RHB Carlton McDonald
|
0-0: Called Strike 0-1: Called Strike 0-2: Ball 1-2: Ball 2-2: Fly out, F8 (Line Drive, 78M, EV 94.4 MPH)
|
|
Batting: RHB Joaquin Salazar
|
0-0: Ball 1-0: Called Strike 1-1: Ball 2-1: Ball 3-1: Called Strike 3-2: Strikes out looking
|
| Bottom of the 4th over - 0 runs, 1 hit, 0 errors, 1 left on base; Baltimore (APP) 8 - Seattle (APP) 1 |
| TOP OF THE 5TH |
|
Baltimore (APP) Orioles batting - Pitching for Seattle (APP) Mariners : LHP Will Creelman
|
|
Batting: RHB Han Caspers
|
0-0: Ball 1-0: Ball 2-0: Called Strike 2-1: Ball 3-1: Foul Ball, location: 2F 3-2: SINGLE (Line Drive, 34D, EV 100.6 MPH)
|
|
Batting: LHB Edwin Cabral
|
0-0: Called Strike 0-1: Foul Ball, location: 2F 0-2: Ball 1-2: SINGLE (Line Drive, 89S, EV 104.4 MPH) Han Caspers to second
|
|
Batting: RHB Imbart van Rens
|
0-0: Ball 1-0: Ball 2-0: Ball 3-0: Fly out, F8 (Flyball, 8RD, EV 105.0 MPH)
|
|
Batting: RHB Ruben Domingues
|
0-0: Called Strike 0-1: Ball 1-1: Ball 2-1: Foul Ball, location: 2F 2-2: Ball 3-2: Foul Ball, location: 2F 3-2: Foul Ball, location: 2F 3-2: Foul Ball, location: 2F 3-2: Foul Ball, location: 2F 3-2: Base on Balls Han Caspers to third Edwin Cabral to second
|
|
Pitching: RHP Ruben Mendoza
|
|
|
Batting: LHB Xue-liang Zhou
|
0-0: Called Strike 0-1: Foul Ball, location: 2F 0-2: Foul Ball, location: 2F 0-2: Strikes out swinging
|
|
Batting: LHB Jeremy Nuzzo
|
0-0: Ball 1-0: Called Strike 1-1: Ball 2-1: Ball 3-1: GRAND SLAM HOME RUN (Line Drive, 89XD, EV 100.0 MPH), Distance : 403 ft
|
|
Batting: SHB Eric Kelley
|
0-0: Ground out U3 (Groundball, 34, EV 79.4 MPH)
|
| Top of the 5th over - 4 runs, 3 hits, 0 errors, 0 left on base; Baltimore (APP) 12 - Seattle (APP) 1 |
| BOTTOM OF THE 5TH |
|
Seattle (APP) Mariners batting - Pitching for Baltimore (APP) Orioles : RHP Bruce Yeager
|
|
Batting: RHB Ziven Badersky
|
0-0: Called Strike 0-1: Fly out, F9 (Flyball, 9S, EV 78.8 MPH)
|
|
Batting: RHB Josh Carpenter
|
0-0: Called Strike 0-1: Ball 1-1: Called Strike 1-2: Strikes out looking
|
|
Batting: RHB Chris Van Niel
|
0-0: Foul Ball, location: 2F 0-1: Ball 1-1: DOUBLE (Line Drive, 8LXD, EV 101.2 MPH)
|
|
Batting: RHB Nick Edmunds
|
0-0: Ball 1-0: Ball 2-0: Foul Ball, location: 2F 2-1: SINGLE (Groundball, 6, EV 105.6 MPH) Chris Van Niel to third Throwing error, E8 Chris Van Niel scores Nick Edmunds to second
|
|
Batting: SHB Carlos Luna
|
0-0: Called Strike 0-1: Ball 1-1: Called Strike 1-2: Ball 2-2: Foul Ball, location: 2F 2-2: Strikes out swinging
|
| Bottom of the 5th over - 1 run, 2 hits, 1 error, 1 left on base; Baltimore (APP) 12 - Seattle (APP) 2 |
| TOP OF THE 6TH |
|
Baltimore (APP) Orioles batting - Pitching for Seattle (APP) Mariners : RHP Ruben Mendoza
|
|
Batting: RHB C.J. Wells
|
0-0: SINGLE (Line Drive, 8LS, EV 101.2 MPH)
|
|
Batting: LHB Chris Cohen
|
0-0: Called Strike 0-1: Foul Ball, location: 2F 0-2: Ball Wild Pitch! C.J. Wells to second 1-2: Ball Passed Ball! C.J. Wells to third 2-2: 2-RUN HOME RUN (Flyball, 89XD, EV 105.0 MPH), Distance : 409 ft
|
|
Batting: RHB Han Caspers
|
0-0: Called Strike 0-1: Ball 1-1: Fly out, F5 (Popup, 56S, EV 89.4 MPH)
|
|
Batting: LHB Edwin Cabral
|
0-0: Ball 1-0: Ball 2-0: Called Strike 2-1: Called Strike 2-2: Strikes out swinging
|
|
Batting: RHB Imbart van Rens
|
0-0: Called Strike 0-1: Swinging Strike 0-2: Ball 1-2: Ball 2-2: Foul Ball, location: 2F 2-2: Ball 3-2: Strikes out swinging
|
| Top of the 6th over - 2 runs, 2 hits, 0 errors, 0 left on base; Baltimore (APP) 14 - Seattle (APP) 2 |
| BOTTOM OF THE 6TH |
|
Seattle (APP) Mariners batting - Pitching for Baltimore (APP) Orioles : RHP Bruce Yeager
|
|
Batting: LHB Prince Nunley
|
0-0: Ball 1-0: Ball 2-0: SINGLE (Line Drive, 6M, EV 95.0 MPH)
|
|
Batting: RHB Nick Ellis
|
0-0: Called Strike 0-1: Ball 1-1: Foul Ball, location: 2F 1-2: Ball 2-2: Strikes out swinging
|
|
Batting: RHB Carlton McDonald
|
0-0: Foul Ball, location: 2F 0-1: Fly out, F4 (Popup, 4D, EV 54.4 MPH)
|
|
Batting: RHB Joaquin Salazar
|
0-0: Called Strike 0-1: Foul Ball, location: 2F 0-2: Ball 1-2: Strikes out swinging
|
| Bottom of the 6th over - 0 runs, 1 hit, 0 errors, 1 left on base; Baltimore (APP) 14 - Seattle (APP) 2 |
| TOP OF THE 7TH |
|
Baltimore (APP) Orioles batting - Pitching for Seattle (APP) Mariners : RHP Ruben Mendoza
|
|
Pitching: RHP Yoshihisa Kobayashi
|
|
|
Batting: RHB Ruben Domingues
|
0-0: Ground out U3 (Groundball, 34, EV 85.6 MPH)
|
|
Batting: LHB Xue-liang Zhou
|
0-0: Fly out, F4 (Line Drive, 4, EV 63.1 MPH)
|
|
Batting: LHB Jeremy Nuzzo
|
0-0: Called Strike 0-1: SINGLE (Line Drive, 6MD, EV 94.4 MPH)
|
|
Batting: SHB Eric Kelley
|
0-0: Called Strike 0-1: Ball 1-1: Swinging Strike 1-2: Ball 2-2: Ball 3-2: Base on Balls Jeremy Nuzzo to second
|
|
Batting: RHB C.J. Wells
|
0-0: Called Strike 0-1: Ground out 4-3 (Groundball, 4, EV 78.8 MPH)
|
| Top of the 7th over - 0 runs, 1 hit, 0 errors, 2 left on base; Baltimore (APP) 14 - Seattle (APP) 2 |
| BOTTOM OF THE 7TH |
|
Seattle (APP) Mariners batting - Pitching for Baltimore (APP) Orioles : RHP Bruce Yeager
|
|
Batting: RHB Ziven Badersky
|
0-0: SOLO HOME RUN (Flyball, 89XD, EV 98.1 MPH), Distance : 390 ft
|
|
Batting: RHB Josh Carpenter
|
0-0: SOLO HOME RUN (Flyball, 7LD, EV 95.6 MPH), Distance : 355 ft
|
|
Batting: RHB Chris Van Niel
|
0-0: Ball 1-0: Called Strike 1-1: Ball 2-1: Swinging Strike 2-2: Ball 3-2: Foul Ball, location: 2F 3-2: Strikes out looking
|
|
Batting: RHB Nick Edmunds
|
0-0: Ball 1-0: Called Strike 1-1: Ball 2-1: Ball 3-1: Fly out, F7 (Line Drive, 78M, EV 85.6 MPH)
|
|
Batting: SHB Carlos Luna
|
0-0: Reached on error, E5 (Groundball, 56, EV 102.5 MPH)
|
|
Pitching: RHP Dave Shenton
|
|
|
Batting: LHB Prince Nunley
|
0-0: Ball Passed Ball! Carlos Luna to second 1-0: Called Strike 1-1: SINGLE (Line Drive, 5D, EV 98.8 MPH) Carlos Luna to third
|
|
Batting: RHB Nick Ellis
|
0-0: Called Strike Balk! Carlos Luna scores Prince Nunley to second 0-1: Foul Ball, location: 2F 0-2: Ball 1-2: Ball 2-2: Foul Ball, location: 2F 2-2: Foul Ball, location: 2F 2-2: Foul Ball, location: 2F 2-2: DOUBLE (Line Drive, 8LXD, EV 100.6 MPH) Prince Nunley scores
|
|
Batting: RHB Carlton McDonald
|
0-0: Called Strike 0-1: Ball 1-1: Ball 2-1: Ball 3-1: Foul Ball, location: 2F 3-2: Foul Ball, location: 2F 3-2: Base on Balls
|
|
Batting: RHB Joaquin Salazar
|
0-0: Ball 1-0: Fly out, F8 (Flyball, 89S, EV 95.0 MPH)
|
| Bottom of the 7th over - 4 runs, 4 hits, 1 error, 2 left on base; Baltimore (APP) 14 - Seattle (APP) 6 |
| TOP OF THE 8TH |
|
Baltimore (APP) Orioles batting - Pitching for Seattle (APP) Mariners : RHP Yoshihisa Kobayashi
|
|
Batting: LHB Chris Cohen
|
0-0: Ball 1-0: Called Strike 1-1: DOUBLE (Flyball, 5D, EV 94.4 MPH)
|
|
DELAY
|
Rain delay of 21 minutes in the 8th inning.
|
|
Batting: RHB Han Caspers
|
0-0: Ball 1-0: Called Strike 1-1: Called Strike 1-2: Ball 2-2: Ball 3-2: Base on Balls
|
|
Batting: LHB Edwin Cabral
|
0-0: Ball 1-0: SINGLE (Line Drive, 56D, EV 105.6 MPH) Chris Cohen to third Han Caspers to second
|
|
Batting: RHB Imbart van Rens
|
0-0: Ball 1-0: Called Strike 1-1: Ground out 6-3 (Groundball, 56D, EV 103.8 MPH) Chris Cohen scores Han Caspers to third Edwin Cabral to second
|
|
Batting: RHB Ruben Domingues
|
0-0: SINGLE (Line Drive, 56, EV 94.4 MPH) Han Caspers scores Edwin Cabral to third
|
|
Batting: LHB Xue-liang Zhou
|
0-0: Foul Ball, location: 2F 0-1: Ball Passed Ball! Edwin Cabral scores Ruben Domingues to second 1-1: SINGLE (Line Drive, 34, EV 102.5 MPH) Ruben Domingues to third
|
|
Batting: LHB Jeremy Nuzzo
|
0-0: Called Strike 0-1: Hit by Pitch Xue-liang Zhou to second
|
|
Batting: SHB Eric Kelley
|
0-0: Foul Ball, location: 2F 0-1: Ball 1-1: Ball 2-1: Foul Ball, location: 2F 2-2: SINGLE (Groundball, 6S, EV 68.1 MPH) (infield hit) Ruben Domingues scores Xue-liang Zhou to third Jeremy Nuzzo to second
|
|
Pitching: RHP Rowan Prince
|
|
|
Batting: RHB C.J. Wells
|
0-0: Ball 1-0: Ball 2-0: Ball 3-0: Base on Balls Xue-liang Zhou scores Jeremy Nuzzo to third Eric Kelley to second
|
|
Batting: LHB Chris Cohen
|
0-0: Called Strike 0-1: Ball Wild Pitch! Jeremy Nuzzo scores Eric Kelley to third C.J. Wells to second 1-1: Swinging Strike 1-2: Strikes out swinging
|
|
Batting: RHB Han Caspers
|
0-0: Ball 1-0: Ground out U3 (Groundball, 34S, EV 90.6 MPH)
|
| Top of the 8th over - 6 runs, 5 hits, 0 errors, 2 left on base; Baltimore (APP) 20 - Seattle (APP) 6 |
| BOTTOM OF THE 8TH |
|
Seattle (APP) Mariners batting - Pitching for Baltimore (APP) Orioles : RHP Dave Shenton
|
|
Batting: RHB Ziven Badersky
|
0-0: Ball 1-0: Foul Ball, location: 2F 1-1: Ball 2-1: Foul Ball, location: 2F 2-2: Reached on error, E3 (Groundball, 34S, EV 68.1 MPH)
|
|
Batting: RHB Josh Carpenter
|
0-0: Ball 1-0: Foul Ball, location: 2F 1-1: Reached on error, E5 (Groundball, 5S, EV 83.8 MPH) Ziven Badersky to second
|
|
Pitching: RHP Justin Swanson
|
|
|
Batting: RHB Chris Van Niel
|
0-0: Ball 1-0: Swinging Strike 1-1: Foul Ball, location: 2F 1-2: SINGLE (Groundball, 56S, EV 68.1 MPH) (infield hit) Ziven Badersky to third Josh Carpenter to second
|
|
Batting: RHB Nick Edmunds
|
0-0: Foul Ball, location: 2F 0-1: Ball Wild Pitch! Ziven Badersky scores Josh Carpenter to third Chris Van Niel to second 1-1: Foul Ball, location: 2F 1-2: Ball 2-2: Fly out, F7 (Flyball, 78S, EV 91.2 MPH)
|
|
Batting: SHB Carlos Luna
|
0-0: Called Strike 0-1: Ball 1-1: Ground out 3-1 (Groundball, 34, EV 108.1 MPH) Josh Carpenter scores Chris Van Niel to third
|
|
Batting: LHB Prince Nunley
|
0-0: Ball 1-0: Called Strike 1-1: Foul Ball, location: 2F 1-2: Ball 2-2: Foul Ball, location: 2F 2-2: Strikes out looking
|
| Bottom of the 8th over - 2 runs, 1 hit, 2 errors, 1 left on base; Baltimore (APP) 20 - Seattle (APP) 8 |
| TOP OF THE 9TH |
|
Baltimore (APP) Orioles batting - Pitching for Seattle (APP) Mariners : RHP Rowan Prince
|
|
Batting: LHB Edwin Cabral
|
0-0: Foul Ball, location: 2F 0-1: Called Strike 0-2: Foul Ball, location: 2F 0-2: Strikes out swinging
|
|
Pinch Hitting: RHB Minoru Matsumoto
|
0-0: Ball 1-0: Foul Ball, location: 2F 1-1: Swinging Strike 1-2: Ball 2-2: Strikes out swinging
|
|
Batting: RHB Ruben Domingues
|
0-0: Foul Ball, location: 2F 0-1: Ball 1-1: SINGLE (Groundball, 6S, EV 67.5 MPH) (infield hit)
|
|
Batting: LHB Xue-liang Zhou
|
0-0: Called Strike 0-1: Swinging Strike 0-2: Fly out, F8 (Flyball, 8LD, EV 81.9 MPH)
|
| Top of the 9th over - 0 runs, 1 hit, 0 errors, 1 left on base; Baltimore (APP) 20 - Seattle (APP) 8 |
| BOTTOM OF THE 9TH |
|
Seattle (APP) Mariners batting - Pitching for Baltimore (APP) Orioles : RHP Justin Swanson
|
|
Now at 2B: Juan Eyrich
|
|
|
Batting: RHB Nick Ellis
|
0-0: Called Strike 0-1: Foul Ball, location: 2F 0-2: Ball 1-2: Hit by Pitch
|
|
Batting: RHB Carlton McDonald
|
0-0: Ball 1-0: Ball 2-0: Called Strike 2-1: Foul Ball, location: 2F 2-2: Foul Ball, location: 2F 2-2: Strikes out swinging
|
|
Batting: RHB Joaquin Salazar
|
0-0: Foul Ball, location: 2F 0-1: Ball 1-1: Called Strike 1-2: Ball 2-2: Strikes out swinging
|
|
Batting: RHB Ziven Badersky
|
0-0: Swinging Strike 0-1: Called Strike 0-2: Strikes out swinging
|
| Bottom of the 9th over - 0 runs, 0 hits, 0 errors, 1 left on base; Baltimore (APP) 20 - Seattle (APP) 8 |
|